 Dungeon Crawl Stone Soup version 0.29-a0-334-gb41bcbb86e (webtiles) character file.

Game seed: 14833261632839062020

3829 experimilk the Basher (level 9, 0/70 HPs)
             Began as a Palentonga Fighter on Apr 14, 2022.
             Was a Priest of Okawaru.
             Slain by a yak (2 damage)
             ... on level 8 of the Dungeon.
             The game lasted 00:21:08 (8596 turns).

experimilk the Basher (Palentonga Fighter)          Turns: 8596, Time: 00:21:09

Health: 0/70       AC: 16    Str: 29    XL:     9   Next: 97%
Magic:  12/12      EV:  7    Int:  9    God:    Okawaru [***...]
Gold:   246        SH:  4    Dex: 10    Spells: 8/8 levels left

rFire   + + .      SeeInvis +   a - +0 flail (freeze)
rCold   x . .      Faith    .   c - +0 buckler
rNeg    . . .      Spirit   .   C - +0 fire dragon scales
rPois   +          Reflect  .   (no helmet)
rElec   .          Harm     .   H - scarf {repulsion}
rCorr   .          Rampage  .   p - +0 pair of gloves
Will    .....                   (no barding)
Stlth   ..........              (no amulet)
HPRegen 0.21/turn               s - ring of poison resistance
MPRegen 0.13/turn               b - +6 ring of strength

@: about to teleport, spiked, repel missiles, curled up
A: large, rugged brown scales 3, see invisible, deformed body, roll 1, armoured
tail, reflexive curl
a: Rolling Charge, Renounce Religion, Heroism


You were on level 8 of the Dungeon.
You worshipped Okawaru.
Okawaru was most pleased with you.
You visited 2 branches of the dungeon, and saw 9 of its levels.

You collected 346 gold pieces.
You spent 100 gold pieces at shops.

Inventory:

Hand Weapons
 a - a +0 flail of freezing (weapon)
Missiles
 k - 3 poisoned darts
 r - 2 javelins
 I - 2 boomerangs (quivered)
Armour
 c - a +0 buckler (worn)
 n - a +2 cloak
 p - a +0 pair of gloves (worn)
 t - a +0 ring mail
 C - +0 fire dragon scales (worn)
 H - a scarf of repulsion (worn)
Jewellery
 b - a +6 ring of strength (right hand)
 s - a ring of poison resistance (left hand)
Wands
 o - a wand of polymorph (15)
 G - a wand of mindburst (14)
Scrolls
 e - 4 scrolls of immolation
 f - a scroll of vulnerability
 g - a scroll of silence {unknown}
 h - a scroll of teleportation
 j - a scroll of magic mapping
 l - a scroll of holy word
 m - 2 scrolls of fear
 q - 2 scrolls of enchant weapon
 w - a scroll of brand weapon
 D - a scroll of torment {unknown}
 F - a scroll of enchant armour {unknown}
 J - a scroll of fog {unknown}
Potions
 d - a potion of might
 i - a potion of berserk rage
 u - 4 potions of flight
 v - a potion of curing
 x - 2 potions of cancellation
 z - 2 potions of attraction
 A - a potion of lignification {unknown}
 B - 2 potions of haste
 E - 2 potions of brilliance {unknown}


   Skills:
 + Level 4.6 Fighting
 - Level 14.1 Maces & Flails
 * Level 3.7 Throwing
 + Level 3.8 Armour
 - Level 2.4 Shields
 * Level 4.3 Invocations


You had 8 spell levels left.
You didn't know any spells.
Your spell library contained the following spells:

 Spells                   Type           Power      Damage    Failure   Level
 Pain                     Necr           0%         1d4       77%         1
 Ozocubu's Armour         Ice            0%         N/A       98%         3
 Vampiric Draining        Necr           0%         2d6       98%         3
 Leda's Liquefaction      Hex/Erth       0%         N/A       100%        4
 Lee's Rapid Deconstruct  Erth           0%         3d5*      100%        5
 Statue Form              Tmut/Erth      0%         N/A       100%        6
 Ozocubu's Refrigeration  Ice            0%         4d5       100%        7
 Animate Skeleton         Necr           Unusable   N/A       N/A         1

Dungeon Overview and Level Annotations

Branches:
Dungeon (8/15)             Temple (1/1) D:5
   Lair: D:8-11

Altars:
Ashenzari
Cheibriados
Dithmenos
Elyvilon
Fedhas
Gozag
Hepliaklqana
Kikubaaqudgha
Makhleb
Nemelex Xobeh
Okawaru
Qazlal
Ru
Sif Muna
Trog
Uskayaw
Vehumet
Wu Jian
Xom
Yredelemnul
Zin
The Shining One

Shops:
D:3 ?   D:4 :

Annotations:
D:3 1 runed translucent door, spaghetti's ghost, amateur DgAr


Innate Abilities, Weirdness & Mutations

You are completely covered in rugged brown scales. (AC +3, +7% HP)
You have supernaturally acute eyesight. (SInv)
Armour fits poorly on your strangely shaped body.
You can roll at nearby foes to attack.
You have a long armoured tail.
You curl defensively after being hit. (AC +7*)


Message History

You block the yak's attack.
The yak gores you but does no damage. x2
There is an open door here.
The yak attacks as you move away! The yak barely misses you. The yak gores you.
The yak attacks as you move away! The yak gores you but does no damage.
The yak gores you. The yak attacks as you move away!
The yak gores you but does no damage.
A manticore comes into view.
There is a stone staircase leading down here.
The yak attacks as you move away! The yak gores you!
The manticore flicks its tail.
The volley of spikes hits you!
The barbed spikes become lodged in your body.
The barbs in your skin will harm you if you move.
Continue?
Okay, then.
As you read the scroll of teleportation, it crumbles to dust.
You feel strangely unstable. The yak gores you!
You closely miss the yak. The yak closely misses you.
You block the yak's attack. The yak gores you!
* * * LOW HITPOINT WARNING * * *
You feel better.
The manticore flicks its tail.
The volley of spikes hits you.
The barbed spikes become lodged in your body.
* * * LOW HITPOINT WARNING * * *
The yak gores you!
* * * LOW HITPOINT WARNING * * *
The yak barely misses you. The yak gores you.
* * * LOW HITPOINT WARNING * * *
You block the yak's attack.
You feel better.
The manticore flicks its tail.
The volley of spikes hits you!
The barbed spikes become lodged in your body.
* * * LOW HITPOINT WARNING * * *
The yak gores you.
* * * LOW HITPOINT WARNING * * *
The yak gores you.
* * * LOW HITPOINT WARNING * * *
The yak gores you.
You die...

#########
#...Y....
####'##
#.....#
#.....#
#..YYY+
#...@Y#
#....)# ###.
####'## ....
#H# .....
#.# #.....
#.####......
#...........
####........
####.#.#....


You could see a manticore and 4 yaks.

Vanquished Creatures
  Prince Ribbit (D:6)
  A wyvern (D:6)
  6 yaks
  2 ice beasts (D:6)
  5 black bears
  2 ogres
  A phantom (D:6)
  2 bullfrogs (D:6)
  4 scorpions
  7 wights
  3 killer bees (D:7)
  3 howler monkeys
  3 hounds
  2 orc priests
  An iguana (D:3)
  2 orc wizards
  4 gnolls (D:5)
  6 adders
  2 shadow imps (D:6)
  A white imp (D:7)
  4 dart slugs
  19 orcs
  7 ball pythons
  8 endoplasms
  7 giant cockroaches
  4 goblins
  4 hobgoblins
  2 jackals (D:4)
  6 kobolds
  6 quokkas
  4 bats
  2 frilled lizards (D:2)
  6 rats
137 creatures vanquished.

Vanquished Creatures (others)
  4 toadstools (D:1)
4 creatures vanquished.

Grand Total: 141 creatures vanquished

Notes
Turn   | Place    | Note
-------+----------+-------------------------------------------
     0 | D:1      | experimilk the Palentonga Fighter began the quest for the
                  | Orb.
     0 | D:1      | Reached XP level 1. HP: 19/19 MP: 1/1
    76 | D:1      | Reached XP level 2. HP: 12/25 MP: 2/2
   303 | D:1      | Reached skill level 3 in Maces & Flails
   699 | D:1      | Found a faded altar of an unknown god.
   770 | D:2      | Found a broken altar of Ashenzari.
   910 | D:2      | Reached XP level 3. HP: 31/31 MP: 3/3
  1205 | D:2      | Reached skill level 4 in Maces & Flails
  1630 | D:3      | Found Vipnavyu's Magic Scroll Shop.
  1635 | D:3      | Bought a scroll of magic mapping for 35 gold pieces
  1635 | D:3      | Bought a scroll of identify for 20 gold pieces
  1635 | D:3      | Bought a scroll of fear for 35 gold pieces
  1635 | D:3      | Bought a scroll of noise for 10 gold pieces
  1796 | D:3      | Reached XP level 4. HP: 36/37 MP: 4/4
  2405 | D:3      | Found a runed translucent door.
  2405 | D:3      | Noticed a bullfrog
  2410 | D:3      | Noticed spaghetti's ghost (amateur DgAr)
  2768 | D:4      | Noticed a scorpion
  2768 | D:4      | Noticed a scorpion
  2816 | D:3      | Reached skill level 5 in Maces & Flails
  3022 | D:3      | Killed a scorpion
  3023 | D:3      | Reached XP level 5. HP: 41/43 MP: 5/5
  3070 | D:4      | Noticed an ogre
  3082 | D:4      | Killed an ogre
  3083 | D:4      | Reached skill level 6 in Maces & Flails
  3083 | D:4      | Reached XP level 6. HP: 21/50 MP: 6/6
  3138 | D:4      | Reached skill level 7 in Maces & Flails
  3376 | D:4      | Reached skill level 14 in Maces & Flails
  3376 | D:4      | Gained mutation: You curl defensively after being hit. (AC
                  | +7*) [Palentonga growth]
  3376 | D:4      | Reached XP level 7. HP: 55/55 MP: 7/7
  3514 | D:4      | Found Pogeusel's Self-Improvement Boutique.
  3617 | D:5      | Entered Level 5 of the Dungeon
  3871 | D:5      | Found a staircase to the Ecumenical Temple.
  3889 | Temple   | Entered the Ecumenical Temple
  4471 | Temple   | Became a worshipper of Warmaster Okawaru
  4675 | D:5      | Reached skill level 1 in Throwing
  4675 | D:5      | Reached XP level 8. HP: 41/60 MP: 8/8
  4996 | D:5      | Found a stormy altar of Qazlal.
  5251 | D:6      | Noticed Prince Ribbit
  5590 | D:6      | Reached * piety under Okawaru
  5595 | D:6      | Killed Prince Ribbit
  5775 | D:6      | Reached skill level 1 in Invocations
  5936 | D:6      | Reached XP level 9. HP: 65/69 MP: 10/10
  6001 | D:6      | Reached ** piety under Okawaru
  6211 | D:6      | Identified the +2 leather armour of the Hurricane {rN+
                  | Stlth+}
  7791 | D:7      | Reached *** piety under Okawaru
  8591 | D:8      | Noticed a manticore
  8596 | D:8      | HP: 3/70 [yak (3)]
  8596 | D:8      | Slain by a yak

Illustrated notes

Levels and vault maps discovered:
D:1:      ldierk_water_garden, layout_basic,
          shapermc_ecumenical_altar_mp_vishouse
D:2:      layout_loops_cross, basic_altar
D:3:      layout_basic, ebering_ghost_sewer_d, serial_shops, shop_fountains
D:4:      layout_rooms, corexii_corridor_pit, hangedman_decor_points,
          nicolae_shop_self_help
D:5:      layout_loops_ring, kennysheep_mini_moat, minmay_temple_entry_ruins,
          dk_vineyard_3
D:6:      layout_layer_cave, chequers_serial_rivers_micro_c,
          kennysheep_generic_room_2, uniq_prince_ribbit1
D:7:      layout_rooms, serial_aquarium, aquarium_bridge_long_separate
          [aquarium_subvault_window, aquarium_subvault_window,
          aquarium_subvault_bridge, aquarium_subvault_wall,
          aquarium_subvault_window, aquarium_subvault_bridge],
          aquarium_bridge_straight [aquarium_subvault_bridge,
          aquarium_subvault_window, aquarium_subvault_bridge,
          aquarium_subvault_window], aquarium_window_1, aquarium_window_2,
          aquarium_window_fake, aquarium_window_fake, aquarium_view_2c,
          aquarium_view_2d, aquarium_balcony_double_4
D:8:      layout_basic, chequers_serial_rivers_room_b
Temple:   mainiacjoe_temple_starburst

Skill      XL: |  1  2  3  4  5  6  7  8  9 |
---------------+----------------------------+-----
Maces & Flails | 3 4 5 6 14 | 14.1
Throwing       | 1 2 3 |  3.7
Armour         | 3 |  3.8
Invocations    | 1 4 |  4.3
Fighting       | 4 |  4.6
Shields        | |  2.4

Action                   |  1- 3 |  4- 6 |  7- 9 || total
-------------------------+-------+-------+-------++-------
Melee: Flail             |   109 |    91 |   215 ||   415
       Tailslap          |    11 |     9 |    33 ||    53
Throw: Boomerang         |     3 |     3 |    32 ||    38
       Javelin           |       |     8 |     7 ||    15
       Dart              |       |       |     6 ||     6
Invok: Heroism           |       |       |     3 ||     3
 Abil: Rolling Charge    |    27 |    12 |    35 ||    74
  Use: Scroll            |     5 |     5 |     8 ||    18
       Potion            |       |     4 |     4 ||     8
 Stab: Invisible         |       |     1 |       ||     1
Armor: Scale mail        |    61 |    16 |       ||    77
       Ring mail         |       |    37 |    13 ||    50
       Fire dragon scale |       |       |    67 ||    67
Dodge: Dodged            |    42 |    41 |    65 ||   148
       Repelled          |       |       |     1 ||     1
Block: Buckler           |    31 |    16 |    35 ||    82

Table legend: (Time is in decaauts)
 A = Elapsed time spent in this place.
 B = Non-inter-level travel time spent in this place.
 C = Inter-level travel time spent in this place.
 D = Time resting spent in this place.
 E = Time spent auto-exploring this place.
 F = Levels seen in this place.
 G = Mean time per level.
                   A        B        C        D        E       F      G
               +--------+--------+--------+--------+--------+-----+--------+
         Total |   8635 |   8032 |    603 |   2524 |   3356 |   9 |  959.4 |
       Dungeon |   7997 |   7435 |    562 |   2524 |   2846 |   8 |  999.6 |
        Temple |    637 |    596 |     41 |      0 |    510 |   1 |  637.0 |
               +--------+--------+--------+--------+--------+-----+--------+

Top non-repeatable levels by time:
     D:6: 2146 daAuts
     D:3: 1416 daAuts
     D:5: 980 daAuts
     D:7: 916 daAuts
     D:1: 855 daAuts
     D:2: 786 daAuts
     D:4: 639 daAuts
  Temple: 637 daAuts
     D:8: 256 daAuts
